 Dungeon Crawl Stone Soup version 0.19-a0-1886-gd64a0f0 (webtiles) character file.

93 Leibowitz the Covered (level 4, -1/37 HPs)
             Began as a Demigod Fighter on Oct 16, 2016.
             Slain by a sky beast (2 damage)
             ... on level 5 of the Dungeon.
             The game lasted 00:04:35 (2117 turns).

Leibowitz the Covered (Demigod Fighter)             Turns: 2117, Time: 00:04:36

Health: -1/37      AC:  9    Str: 26    XL:     4   Next: 15%
Magic:  6/6        EV:  6    Int: 12    God:
Gold:   90         SH: 10    Dex: 15    Spells: 0 memorised, 3 levels left

rFire  . . .     SeeInvis .     a - +0 war axe
rCold  . . .     Gourm    .     g - +0 chain mail
rNeg   . . .     Faith    .     c - +0 shield
rPois  .         Spirit   .     (no helmet)
rElec  .         Dismiss  .     (no cloak)
rCorr  +         Reflect  .     (no gloves)
MR     .....     Harm     .     (no boots)
Stlth  ..........               (no amulet)
                                m - ring of resist corrosion
                                p - ring of loudness (curse)

@: mighty
A: high mp 1
a: no special abilities


You were on level 5 of the Dungeon.
You were not hungry.

You visited 1 branch of the dungeon, and saw 4 of its levels.

You collected 90 gold pieces.

Inventory:

Hand Weapons
 a - a +0 war axe (weapon)
Missiles
 e - 8 poisoned needles
 n - 3 curare-tipped needles
Armour
 c - a +0 shield (worn)
 g - a +0 chain mail (worn)
Jewellery
 m - a ring of resist corrosion (right hand)
 p - a cursed ring of loudness (left hand)
Scrolls
 b - a scroll of amnesia {unknown}
 j - 4 scrolls of identify {unknown}
 l - a scroll of random uselessness {unknown}
 s - 3 scrolls of enchant armour {unknown}
 t - a scroll of remove curse {unknown}
Potions
 h - a potion of curing
 i - a potion of lignification {unknown}
 o - a potion of agility {unknown}
Comestibles
 f - 4 bread rations
 k - 3 beef jerkies
 q - a meat ration


   Skills:
 * Level 2.9 Fighting
 * Level 2.6 Axes
 * Level 3.3 Armour
 * Level 1.0 Dodging
 * Level 3.2 Shields


You had 3 spell levels left.
You didn't know any spells.

Dungeon Overview and Level Annotations

Branches:
Dungeon (3/15)


Innate Abilities, Weirdness & Mutations

You have an increased reservoir of magic. (+10% MP)


Message History

The sky beast flickers out of sight!
Deactivating autopickup; reactivate with Ctrl-A.
Something hits you but does no damage.
Your shield and chain mail prevent you from hitting something.
Something hits you but does no damage.
You miss something. Something hits you but does no damage. Something hits you.
* * * LOW HITPOINT WARNING * * *
Something shocks you.
* * * LOW HITPOINT WARNING * * *
Unknown command.
You feel better. Something hits you but does no damage.
You barely miss something. Something hits you but does no damage.
You miss something. Something hits you but does no damage. Something hits you.
* * * LOW HITPOINT WARNING * * *
Something shocks you.
* * * LOW HITPOINT WARNING * * *
You miss something. You block something's attack.
You miss something. You block something's attack.
You miss something. Something hits you.
You die...

###############
..............######.##.
..###..........{@.......
..##.#.#.####.######..##
.......#.# #.#
..##.###.####.#
..###.......... ###
###.#####.# .# #.# #.#
.# #.# #.# .# #)# #.#


There were no monsters in sight!

Vanquished Creatures
  5 adders
  An adder zombie (D:5)
  2 worms
  2 dart slugs (D:2)
  3 giant cockroaches
  3 hobgoblins
  5 jackals
  A kobold (D:2)
  6 bats
  A frilled lizard (D:3)
  4 goblins
  4 rats
37 creatures vanquished.

Notes
Turn   | Place    | Note
-------+----------+-------------------------------------------
     0 | D:1      | Leibowitz the Demigod Fighter began the quest for the Orb.
     0 | D:1      | Reached XP level 1. HP: 18/18 MP: 3/3
   722 | D:2      | Reached XP level 2. HP: 25/25 MP: 4/4
   992 | D:2      | Reached XP level 3. HP: 21/30 MP: 5/5
  1348 | D:3      | Reached skill level 1 in Dodging
  1900 | D:3      | You fall through a shaft for 2 floors!
  1900 | D:5      | Entered Level 5 of the Dungeon
  1945 | D:5      | Noticed a sky beast
  1989 | D:5      | Reached XP level 4. HP: 33/37 MP: 6/6
  2114 | D:5      | HP: 1/37 [something (6)]
  2117 | D:5      | Slain by a sky beast

Vault maps used:
D:1:      dpeg_arrival_tiny_b
D:3:      first_bread, kennysheep_generic_room_9
D:5:      uniq_crazy_yiuf_cottage

Skill      XL: |  1  2  3 |
---------------+----------+-----
Armour         | 3 |  3.3
Axes           | 2 |  2.6
Shields        | 3 |  3.2
Dodging        | 1 |  1.0
Fighting       | |  2.9

Action                   |  1- 3 |  4- 6 || total
-------------------------+-------+-------++-------
Melee: War axe           |   125 |    32 ||   157
  Use: Potion            |       |     4 ||     4
  Eat: Chunk             |     3 |     1 ||     4
Armor: Chain mail        |    74 |    26 ||   100
       Scale mail        |     4 |       ||     4
Dodge: Dodged            |    27 |     4 ||    31
Block: Shield            |    74 |    15 ||    89
